 Dungeon Crawl Stone Soup version 0.30.1-11-g7821555f0a (webtiles) character file.

Game seed: 10225767465024900119

31 jagang the Slasher (level 3, 0/30 HPs)
             Began as a Barachi Monk on Dec 20, 2023.
             Constricted to death by a ball python (1 damage)
             ... on level 2 of the Dungeon.
             The game lasted 00:01:18 (831 turns).

jagang the Slasher (Barachi Monk)                    Turns: 831, Time: 00:01:19

Health: 0/30       AC:  3    Str: 12    XL:     3   Next: 22%
Magic:  5/12       EV: 10    Int: 10    God:
Gold:   68         SH:  0    Dex: 16    Spells: 2/2 levels left

rFire   . . .        a - +0 falchion
rCold   . . .        d - orb {light}
rNeg    . . .        b - +0 robe
rPois   .            (no helmet)
rElec   .            (no cloak)
rCorr   .            (no gloves)
SInv    .            i - +0 pair of boots
Will    .....        (no amulet)
Stlth   +            f - ring of magical power
HPRegen 0.25/turn    (no ring)
MPRegen 0.13/turn

%: no passive effects
@: lethally poisoned (0 -> -5), glowing, constricted, slow
A: amphibious, slowness 1, strong legs 1, +LOS
a: Hop


You were on level 2 of the Dungeon.
You visited 1 branch of the dungeon, and saw 2 of its levels.

You collected 68 gold pieces.

Inventory:

Hand Weapons
 a - a +0 falchion (weapon)
Armour
 b - a +0 robe (worn)
 d - an orb of light (worn)
 i - a +0 pair of boots (worn)
Jewellery
 f - a ring of magical power (left hand)
Scrolls
 e - a scroll of identify {unknown}
 g - a scroll of fear {unknown}
 h - a scroll of poison {unknown}
 l - a scroll of teleportation {unknown}
 m - a scroll of amnesia {unknown}
 o - a scroll of fog {unknown}
 p - a scroll of vulnerability {unknown}
Potions
 c - a potion of ambrosia
 j - a potion of haste {unknown}
 k - a potion of curing {unknown}
 n - a potion of cancellation {unknown}


   Skills:
 + Level 4.0 Fighting
 * Level 4.5 Long Blades
 + Level 1.4 Armour
 - Level 3.2 Dodging


You had 2 spell levels left.
You didn't know any spells.
Your spell library was empty.

Dungeon Overview and Level Annotations

Branches:
Dungeon (2/15)

Altars:


Innate Abilities, Weirdness & Mutations

You are amphibious.
You cover ground slowly.
You can hop short distances.
You have an extended range of vision and can be seen from far away.


Message History

The endoplasm barely misses you.
You hit the adder.
The adder is moderately wounded.
The adder closely misses you. The ball python barely misses you.
The ball python constricts you. The bat barely misses you.
The adder bites you but does no damage.
The endoplasm hits you but does no damage.
The ball python barely misses you. The ball python constricts you.
You hit the adder but do no damage.
The adder is moderately wounded.
The bat hits you but does no damage. The adder bites you.
You are poisoned.
The adder poisons you!
The ball python bites you but does no damage.
The ball python constricts you. The endoplasm freezes you.
You are frozen.
You barely miss the adder.
The adder is moderately wounded.
You feel sick. The adder bites you. The bat hits you but does no damage.
The ball python bites you but does no damage.
The ball python constricts you. The endoplasm freezes you.
You are frozen.
* * * LOW HITPOINT WARNING * * *
The adder bites you but does no damage.
You hit the adder.
The adder is severely wounded.
You feel sick. The bat barely misses you. The ball python barely misses you.
The ball python constricts you.
* * * LOW HITPOINT WARNING * * *
The endoplasm freezes you.
You are frozen.
* * * LOW HITPOINT WARNING * * *
The adder bites you.
* * * LOW HITPOINT WARNING * * *
You are more poisoned.
The adder poisons you! The ball python barely misses you.
The ball python constricts you.
You die...

##.# #....#
....##....##
........... ###.
...........
.....
..........##....
..........#...
............
.......SS.#
......b.@[#
.........J#
............
...?###.#.....
.## #. .###.# #.
.. # #. .# .. .#
.. ..


You could see an adder, an endoplasm, a bat and a ball python.

Vanquished Creatures
  4 ball pythons (D:1)
  2 endoplasms (D:1)
  2 giant cockroaches (D:1)
  2 goblins (D:1)
  2 hobgoblins (D:1)
  2 kobolds (D:1)
  2 quokkas (D:1)
  7 bats (D:1)
  A frilled lizard (D:1)
  4 rats (D:1)
28 creatures vanquished.

Notes
Turn   | Place    | Note
-------+----------+-------------------------------------------
     0 | D:1      | jagang the Barachi Monk began the quest for the Orb.
     0 | D:1      | Reached XP level 1. HP: 18/18 MP: 1/1
   224 | D:1      | Reached XP level 2. HP: 25/25 MP: 2/2
   269 | D:1      | Reached skill level 1 in Armour
   672 | D:1      | Reached XP level 3. HP: 26/30 MP: 3/3
   831 | D:2      | HP: 1/30 [adder (1)]
   831 | D:2      | Constricted to death by a ball python

Illustrated notes

Levels and vault maps discovered:
D:1:      dpeg_arrival_shelter, layout_loops_cross,
          chequers_serial_rivers_large_b
D:2:      layout_rooms, basic_altar, kennysheep_generic_room_2

Skill      XL: |  1  2 |
---------------+-------+-----
Long Blades    | 4 |  4.5
Armour         | 1 |  1.4
Fighting       | 4 |  4.0
Dodging        | |  3.2

Action                     || total
---------------------------++-------
  Melee: Falchion          ||    72
 Armour: Robe              ||    19
  Dodge: Dodged            ||    87
